 Dungeon Crawl Stone Soup version 0.25.1-2-g60ff931df9 (webtiles) character file.

Game seed: 2578606141352866344

2093 Joresh2 the Basher (level 9, -4/77 HPs)
             Began as a Minotaur Fighter on Sept 2, 2020.
             Was a Follower of Okawaru.
             Slain by a gnoll shaman
             ... wielding a +4 trident
              (6 damage)
             ... in a bailey.
             The game lasted 00:22:16 (6454 turns).

Joresh2 the Basher (Minotaur Fighter)               Turns: 6454, Time: 00:22:17

Health: -4/77      AC:  8    Str: 24    XL:     9   Next: 7%
Magic:  8/8        EV:  8    Int:  5    God:    Okawaru [*.....]
Gold:   147        SH: 11    Dex: 10    Spells: 8/8 levels left

rFire    + . .     SeeInvis .   E - +7 falchion "Guva" {drain, rElec}
rCold    . . .     Gourm    .   c - +0 kite shield
rNeg     . . .     Faith    .   b - +0 scale mail
rPois    .         Spirit   .   (helmet restricted)
rElec    +         Reflect  .   (no cloak)
rCorr    .         Harm     .   (no gloves)
MR       .....                  (no boots)
Stlth    ..........             (no amulet)
HPRegen  0.22/turn              k - ring of protection from fire
MPRegen  0.11/turn              (no ring)

@: drained
A: retaliatory headbutt, horns 2
a: Heroism, Renounce Religion


You were in a bailey.
You worshipped Okawaru.
Okawaru was aware of your devotion.
You were hungry.

You visited 2 branches of the dungeon, and saw 8 of its levels.
You also visited: Bailey.

You collected 318 gold pieces.
You spent 171 gold pieces at shops.

Inventory:

Hand Weapons
 p - a +0 hunting sling
 x - a +1 shortbow of freezing
 B - a +3 vorpal flail
 E - the +7 falchion "Guva" (weapon) {drain, rElec}
   (You found it on level 6 of the Dungeon)

   A truly terrible weapon, it drains the life of those it strikes.
   It insulates you from electricity.
 F - the +1 rapier of the Gloaming {drain, rF+ rN+ Int+3}
   (You bought it in a shop on level 4 of the Dungeon)

   A truly terrible weapon, it drains the life of those it strikes.
   It affects your intelligence (+3).
   It protects you from fire.
   It protects you from negative energy.
Missiles
 q - 131 stones (quivered)
 s - 106 sling bullets
 v - 42 poisoned darts
 G - 49 arrows
Armour
 b - a +0 scale mail (worn)
 c - a +0 kite shield (worn)
 u - a +0 robe
Magical Staves
 y - an uncursed staff of fire
Jewellery
 k - a ring of protection from fire (left hand)
 C - an uncursed ring of magical power {unknown}
Scrolls
 g - 3 scrolls of identify
 i - 5 scrolls of remove curse
 j - 3 scrolls of amnesia {unknown}
 l - 5 scrolls of enchant armour {unknown}
 n - 3 scrolls of teleportation
 w - a scroll of blinking {unknown}
 I - a scroll of enchant weapon {unknown}
 J - a scroll of fog
Potions
 d - a potion of might
 e - a potion of berserk rage
 m - 3 potions of brilliance
 o - a potion of haste
 r - a potion of resistance
 z - a potion of mutation
 A - 2 potions of lignification
 D - 2 potions of cancellation
 H - a potion of stabbing
Comestibles
 f - 12 rations


   Skills:
 + Level 6.3(5.6) Fighting
 + Level 2.3(1.7) Long Blades
 + Level 8.6(7.9) Maces & Flails
 + Level 8.2(7.5) Armour
 + Level 0.9(0.4) Stealth
 + Level 7.6(6.9) Shields


You had 8 spell levels left.
You didn't know any spells.
Your spell library was empty.

Dungeon Overview and Level Annotations

Branches:
Dungeon (7/15)             Temple (1/1) D:4          Bailey (1/1)

Altars:
Cheibriados
Dithmenos
Gozag
Hepliaklqana
Makhleb
Okawaru
Qazlal
Ru
Sif Muna
Uskayaw
Yredelemnul
Zin
The Shining One

Shops:
D:4 (   D:5 }


Innate Abilities, Weirdness & Mutations

You reflexively headbutt those who attack you in melee.
You have a pair of horns on your head.


Message History

You kill the gnoll sergeant!
Okawaru accepts your kill. You block the gnoll sergeant's attack.
You block the gnoll's attack. You block the gnoll's attack.
The gnoll hits you with a +0 halberd!
You are feeling hungry.
You block the gnoll's attack.
The gnoll sergeant hits you with a +0 halberd!
* * * LOW HITPOINT WARNING * * *
The gnoll shaman hits you with a +4 trident.
* * * LOW HITPOINT WARNING * * *
The gnoll barely misses you.
You hit the gnoll sergeant but do no damage.
You drain the gnoll sergeant.
The gnoll sergeant is lightly wounded.
The gnoll hits you with a +0 spear.
* * * LOW HITPOINT WARNING * * *
The gnoll sergeant hits you with a +0 halberd.
* * * LOW HITPOINT WARNING * * *
The gnoll shaman hits you with a +4 trident.
You die...

#.......# #.....#
#.g.# ##'## #g..#
#g..# ♣ #...#
♣≈.######'''######.
♣≈.....@g..........
♣≈≈...ggg.........≈
♣♣≈≈≈≈≈≈≈...≈≈≈≈≈≈≈
♣♣...............♣
♣♣♣...........♣♣
♣♣....)).♣♣♣♣
♣♣♣♣)∩)♣♣ ♣♣.♣♣ ♣.♣


You could see a gnoll sergeant (drained), a gnoll shaman and 2 gnolls.

Vanquished Creatures
  Eustachio (D:4)
  An ice beast (D:5)
  2 sky beasts
  2 centaurs
  3 ogres
  A phantom (D:5)
  2 bullfrogs
  A gnoll sergeant (Bailey)
  2 scorpions
  A howler monkey (D:4)
  4 wights (D:7)
  A crimson imp (D:6)
  A jelly (D:5)
  A bullfrog skeleton (D:5)
  5 hounds
  2 centaur skeletons
  A gnoll shaman (D:6)
  2 worker ants
  A hound skeleton (D:4)
  12 gnolls
  9 adders
  An ooze (D:3)
  An adder zombie (D:6)
  An adder skeleton (D:4)
  2 worms (D:3)
  A dart slug (D:3)
  4 leopard geckos
  4 orcs (D:5)
  A ball python (D:2)
  11 giant cockroaches
  11 goblins
  8 hobgoblins
  3 jackals (D:1)
  7 kobolds
  4 quokkas
  6 bats
  6 frilled lizards
  A leopard gecko skeleton (D:4)
  A quokka zombie (D:7)
  5 rats
133 creatures vanquished.

Notes
Turn   | Place    | Note
-------+----------+-------------------------------------------
     0 | D:1      | Joresh2 the Minotaur Fighter began the quest for the Orb.
     0 | D:1      | Reached XP level 1. HP: 19/19 MP: 0/0
    65 | D:1      | Reached XP level 2. HP: 23/27 MP: 1/1
   117 | D:1      | Found a snail-covered altar of Cheibriados.
   413 | D:1      | Reached XP level 3. HP: 26/33 MP: 2/2
   798 | D:2      | Found a basalt altar of Yredelemnul.
  1669 | D:3      | Found an opulent altar of Gozag.
  1739 | D:3      | Reached XP level 4. HP: 36/40 MP: 3/3
  2422 | D:4      | Reached XP level 5. HP: 46/47 MP: 4/4
  2448 | D:4      | Found a staircase to the Ecumenical Temple.
  2462 | Temple   | Entered the Ecumenical Temple
  2487 | Temple   | Became a worshipper of the Shining One
  2532 | D:4      | Noticed an ogre
  2536 | D:4      | Killed an ogre
  2536 | D:4      | Reached skill level 5 in Shields
  3087 | D:4      | Reached XP level 6. HP: 53/53 MP: 5/5
  3126 | D:4      | Found Cimud's Antique Weapon Boutique.
  3130 | D:4      | Bought an ivory rapier for 171 gold pieces
  3130 | D:4      | Identified the cursed +1 rapier of the Gloaming {drain, rF+
                  | rN+ Int+3} (You bought it in a shop on level 4 of the
                  | Dungeon)
  3202 | D:4      | Noticed Eustachio
  3219 | D:4      | Killed Eustachio
  3219 | D:4      | Reached skill level 5 in Maces & Flails
  3219 | D:4      | Reached skill level 5 in Armour
  3745 | D:5      | Entered Level 5 of the Dungeon
  3792 | D:5      | Reached XP level 7. HP: 45/60 MP: 6/6
  3944 | D:5      | Reached skill level 5 in Fighting
  4246 | D:5      | Reached * piety under the Shining One
  4463 | D:5      | Found Dyf Coicsei's Gadget Shoppe.
  4601 | D:6      | Reached XP level 8. HP: 68/68 MP: 7/7
  4728 | D:6      | Found an iron altar of Okawaru.
  4744 | D:6      | Got a bloodstained falchion
  4760 | D:6      | Identified the +7 falchion "Guva" {drain, rElec} (You found
                  | it on level 6 of the Dungeon)
  4801 | D:6      | Fell from the grace of the Shining One
  4801 | D:6      | Became a worshipper of Warmaster Okawaru
  5973 | D:7      | Reached skill level 1 in Long Blades
  6040 | D:7      | Found a flagged portal.
  6067 | Bailey   | Entered a bailey
  6078 | Bailey   | Reached XP level 9. HP: 30/75 MP: 8/8
  6080 | Bailey   | Reached * piety under Okawaru
  6087 | Bailey   | HP: 2/75 [gnoll/+0 spear (6)]
  6454 | Bailey   | HP: 2/77 [gnoll sergeant/+0 halberd (3)]
  6454 | Bailey   | Slain by a gnoll shaman

Illustrated notes

Levels and vault maps discovered:
D:1:      dpeg_arrival_tiny_j, layout_rooms, cheibriados_altar_1
D:2:      layout_basic, marbit_many_paths, serial_forest,
          infiniplex_forest_clump_C, infiniplex_forest_zigzag_1,
          infiniplex_forest_clump_diagonal, infiniplex_forest_zigzag_1,
          infiniplex_forest_zigzag_1, infiniplex_forest_lined_2,
          infiniplex_forest_straight_2, infiniplex_forest_lined_3
D:3:      layout_basic, grunt_gozag_statues
D:4:      layout_basic, minmay_temple_entry_overgrown, serial_shops, shop,
          first_ration, minmay_misc_feat_rows, uniq_eustachio
D:5:      layout_basic, serial_shops, nicolae_shop_stone
D:6:      layout_cave_pools, okawaru_ov_weapons_minmay
D:7:      layout_loops_corners, grunt_temple_overflow_diamond, enter_bailey_3
Temple:   eino_temple_rhombus
Bailey:   bailey_polearm_gnolls_kennysheep, bailey

Skill      XL: |  1  2  3  4  5  6  7  8 |
---------------+-------------------------+-----
Shields        | 4 5 6 7 |  7.6
Fighting       | 4 5 6 |  6.3
Maces & Flails | 3 4 6 7 8 |  8.6
Armour         | 4 5 6 8 |  8.2
Long Blades    | 2 |  2.3
Stealth        | |  0.9

Action                   |  1- 3 |  4- 6 |  7- 9 || total
-------------------------+-------+-------+-------++-------
Melee: Flail             |   140 |   108 |    75 ||   323
       Headbutt          |    20 |    22 |    22 ||    64
       Falchion          |       |       |    72 ||    72
  Use: Scroll            |    10 |     2 |     8 ||    20
       Potion            |       |       |     4 ||     4
  Eat: Chunk             |     2 |     7 |     5 ||    14
       Ration            |       |       |     1 ||     1
Armor: Scale mail        |    72 |    33 |    47 ||   152
Dodge: Dodged            |    47 |    34 |    55 ||   136
Block: Kite shield       |    90 |    56 |   123 ||   269
       Rpst.: Falchion   |       |       |     6 ||     6
